| TOP OF THE 1ST |
|
Jacksonville Suns batting - Pitching for Pensacola Blue Wahoos : RHP Chris Galo
|
|
Pitching: RHP Chris Galo
|
|
|
Batting: LHB Luis Magdaleno
|
0-0: Foul Ball, location: 2F 0-1: Called Strike 0-2: Foul Ball, location: 2F 0-2: Strikes out looking
|
|
Batting: RHB Masumitsu Sugiura
|
0-0: Ball 1-0: Ball 2-0: Ball 3-0: Called Strike 3-1: Swinging Strike 3-2: Strikes out swinging
|
|
Batting: LHB Adam Durgin
|
0-0: Called Strike 0-1: Hit by Pitch
|
|
Batting: RHB Isaiah Brockman
|
0-0: Fly out, F8 (Flyball, 78S, EV 90.0 MPH)
|
| Top of the 1st over - 0 runs, 0 hits, 0 errors, 1 left on base; Jacksonville 0 - Pensacola 0 |
| BOTTOM OF THE 1ST |
|
Pensacola Blue Wahoos batting - Pitching for Jacksonville Suns : RHP Jorge Lara
|
|
Pitching: RHP Jorge Lara
|
|
|
Batting: SHB Bryan Johnston
|
0-0: Ball 1-0: Ball 2-0: SINGLE (Groundball, 4MD, EV 100.6 MPH)
|
|
Batting: RHB Tim Wormell
|
0-0: Called Strike 0-1: Ball 1-1: Ball 2-1: Ball 3-1: Swinging Strike 3-2: SINGLE (Line Drive, 56D, EV 108.1 MPH) Bryan Johnston to second Bryan Johnston to third
|
|
Batting: RHB Dusty Pollert
|
0-0: Called Strike 0-1: Called Strike 0-2: Ball 1-2: Ball 2-2: Grounds into double play, 6-4-3 (Groundball, 6, EV 83.1 MPH) Bryan Johnston scores
|
|
Batting: LHB Leo Gomez
|
0-0: Ball 1-0: SINGLE (Groundball, 15S, EV 65.6 MPH) (infield hit)
|
|
Batting: RHB David Clough
|
0-0: Called Strike 0-1: Called Strike Leo Gomez steals 2nd base 0-2: Strikes out swinging
|
| Bottom of the 1st over - 1 run, 3 hits, 0 errors, 1 left on base; Jacksonville 0 - Pensacola 1 |
| TOP OF THE 2ND |
|
Jacksonville Suns batting - Pitching for Pensacola Blue Wahoos : RHP Chris Galo
|
|
Batting: RHB Rick Fell
|
0-0: Called Strike 0-1: Ball 1-1: SINGLE (Flyball, 89S, EV 88.8 MPH)
|
|
Batting: RHB Willie Chavez
|
0-0: Ball 1-0: Foul Ball, location: 2F 1-1: Called Strike 1-2: Ball 2-2: Strikes out looking
|
|
Batting: RHB Tom Thompson
|
0-0: Ball 1-0: Called Strike 1-1: Called Strike 1-2: Strikes out looking
|
|
Batting: LHB Emilio Cordero
|
0-0: Ball 1-0: Called Strike 1-1: Ball 2-1: Ball 3-1: Base on Balls Rick Fell to second
|
|
Batting: RHB Len Graham
|
0-0: Ball 1-0: Ball 2-0: Foul Ball, location: 2F 2-1: Foul Ball, location: 2F 2-2: Foul Ball, location: 2F 2-2: Fly out, F9 (Flyball, 89M, EV 92.5 MPH)
|
| Top of the 2nd over - 0 runs, 1 hit, 0 errors, 2 left on base; Jacksonville 0 - Pensacola 1 |
| BOTTOM OF THE 2ND |
|
Pensacola Blue Wahoos batting - Pitching for Jacksonville Suns : RHP Jorge Lara
|
|
Batting: SHB Alex Morales
|
0-0: Called Strike 0-1: Foul Ball, location: 2F 0-2: Foul Ball, location: 2F 0-2: Ball 1-2: Ground out U3 (Groundball, 34, EV 98.8 MPH)
|
|
Batting: RHB Jon Marquez
|
0-0: Ball 1-0: Ball 2-0: Ball 3-0: Called Strike 3-1: Ground out 5-3 (Groundball, 15, EV 85.0 MPH)
|
|
Batting: LHB Nick Nino
|
0-0: Ball 1-0: Ball 2-0: Ball 3-0: Called Strike 3-1: Foul Ball, location: 2F 3-2: Ground out 4-3 (Groundball, 34D, EV 85.6 MPH)
|
| Bottom of the 2nd over - 0 runs, 0 hits, 0 errors, 0 left on base; Jacksonville 0 - Pensacola 1 |
| TOP OF THE 3RD |
|
Jacksonville Suns batting - Pitching for Pensacola Blue Wahoos : RHP Chris Galo
|
|
Batting: LHB Luis Magdaleno
|
0-0: Foul Ball, location: 2F 0-1: Swinging Strike 0-2: SINGLE (Line Drive, 7S, EV 111.9 MPH)
|
|
Batting: RHB Masumitsu Sugiura
|
0-0: Ball 1-0: Ball Luis Magdaleno steals 2nd base (no throw) 2-0: Called Strike 2-1: Ground out 5-3 (Groundball, 56S, EV 88.8 MPH)
|
|
Batting: LHB Adam Durgin
|
0-0: Called Strike 0-1: Fly out, F5 (Popup, 5SF, EV 74.4 MPH)
|
|
Batting: RHB Isaiah Brockman
|
0-0: Called Strike 0-1: Called Strike 0-2: Foul Ball, location: 2F 0-2: Ball 1-2: Foul Ball, location: 2F 1-2: Ball 2-2: Foul Ball, location: 2F 2-2: Strikes out swinging
|
| Top of the 3rd over - 0 runs, 1 hit, 0 errors, 1 left on base; Jacksonville 0 - Pensacola 1 |
| BOTTOM OF THE 3RD |
|
Pensacola Blue Wahoos batting - Pitching for Jacksonville Suns : RHP Jorge Lara
|
|
Batting: RHB Kagetoki Kawai
|
0-0: Foul Ball, location: 2F 0-1: Called Strike 0-2: Foul Ball, location: 2F 0-2: Ground out 5-3 (Groundball, 56, EV 102.5 MPH)
|
|
Batting: SHB Bryan Johnston
|
0-0: Called Strike 0-1: Ground out 2-3 (Groundball, 13S, EV 63.1 MPH)
|
|
Batting: RHB Tim Wormell
|
0-0: Ground out 5-3 (Groundball, 56, EV 84.4 MPH)
|
| Bottom of the 3rd over - 0 runs, 0 hits, 0 errors, 0 left on base; Jacksonville 0 - Pensacola 1 |
| TOP OF THE 4TH |
|
Jacksonville Suns batting - Pitching for Pensacola Blue Wahoos : RHP Chris Galo
|
|
Batting: RHB Rick Fell
|
0-0: Ball 1-0: Swinging Strike 1-1: Ball 2-1: Ball 3-1: Foul Ball, location: 2F 3-2: Base on Balls
|
|
Batting: RHB Willie Chavez
|
0-0: Ball Rick Fell is caught stealing 2nd base 2-4 1-0: Ball 2-0: Called Strike 2-1: Foul Ball, location: 2F 2-2: Strikes out swinging
|
|
Batting: RHB Tom Thompson
|
0-0: Ball 1-0: Fly out, F7 (Flyball, 78D, EV 77.5 MPH)
|
| Top of the 4th over - 0 runs, 0 hits, 0 errors, 0 left on base; Jacksonville 0 - Pensacola 1 |
| BOTTOM OF THE 4TH |
|
Pensacola Blue Wahoos batting - Pitching for Jacksonville Suns : RHP Jorge Lara
|
|
Batting: RHB Dusty Pollert
|
0-0: Ball 1-0: Called Strike 1-1: Called Strike 1-2: Ball 2-2: Strikes out looking
|
|
Batting: LHB Leo Gomez
|
0-0: Ball 1-0: Called Strike 1-1: Fly out, F9 (Line Drive, 9LM, EV 94.4 MPH)
|
|
Batting: RHB David Clough
|
0-0: Swinging Strike 0-1: Ball 1-1: Ball 2-1: Fly out, F8 (Flyball, 8LM, EV 81.9 MPH)
|
| Bottom of the 4th over - 0 runs, 0 hits, 0 errors, 0 left on base; Jacksonville 0 - Pensacola 1 |
| TOP OF THE 5TH |
|
Jacksonville Suns batting - Pitching for Pensacola Blue Wahoos : RHP Chris Galo
|
|
Batting: LHB Emilio Cordero
|
0-0: Ball 1-0: Called Strike 1-1: Foul Ball, location: 2F 1-2: Ground out 5-3 (Groundball, 6, EV 97.5 MPH)
|
|
Batting: RHB Len Graham
|
0-0: Called Strike 0-1: Fly out, F9 (Line Drive, 9LS, EV 98.8 MPH)
|
|
Batting: LHB Luis Magdaleno
|
0-0: Ball 1-0: Foul Ball, location: 2F 1-1: Ground out 6-3 (Groundball, 6MS, EV 77.5 MPH)
|
| Top of the 5th over - 0 runs, 0 hits, 0 errors, 0 left on base; Jacksonville 0 - Pensacola 1 |
| BOTTOM OF THE 5TH |
|
Pensacola Blue Wahoos batting - Pitching for Jacksonville Suns : RHP Jorge Lara
|
|
Batting: SHB Alex Morales
|
0-0: Called Strike 0-1: Ball 1-1: Foul Ball, location: 2F 1-2: Fly out, F8 (Flyball, 78M, EV 90.0 MPH)
|
|
Batting: RHB Jon Marquez
|
0-0: Called Strike 0-1: Ball 1-1: Ground out 4-3 (Groundball, 4M, EV 95.0 MPH)
|
|
Batting: LHB Nick Nino
|
0-0: Foul Ball, location: 2F 0-1: Ball 1-1: Foul Ball, location: 2F 1-2: Ground out 6-3 (Groundball, 6MS, EV 85.6 MPH)
|
| Bottom of the 5th over - 0 runs, 0 hits, 0 errors, 0 left on base; Jacksonville 0 - Pensacola 1 |
| TOP OF THE 6TH |
|
Jacksonville Suns batting - Pitching for Pensacola Blue Wahoos : RHP Chris Galo
|
|
Batting: RHB Masumitsu Sugiura
|
0-0: Ball 1-0: Called Strike 1-1: Fly out, F8 (Flyball, 89M, EV 90.0 MPH)
|
|
Batting: LHB Adam Durgin
|
0-0: Ball 1-0: Swinging Strike 1-1: Foul Ball, location: 2F 1-2: Ball 2-2: Strikes out swinging
|
|
Batting: RHB Isaiah Brockman
|
0-0: Swinging Strike 0-1: Foul Ball, location: 2F 0-2: Strikes out swinging
|
| Top of the 6th over - 0 runs, 0 hits, 0 errors, 0 left on base; Jacksonville 0 - Pensacola 1 |
| BOTTOM OF THE 6TH |
|
Pensacola Blue Wahoos batting - Pitching for Jacksonville Suns : RHP Jorge Lara
|
|
Batting: RHB Kagetoki Kawai
|
0-0: Ball 1-0: Ground out 1-3 (Groundball, 15S, EV 71.2 MPH)
|
|
Batting: SHB Bryan Johnston
|
0-0: Called Strike 0-1: Ball 1-1: Ball 2-1: Ball 3-1: Foul Ball, location: 2F 3-2: Fly out, F7 (Flyball, 7LD, EV 94.4 MPH)
|
|
Batting: RHB Tim Wormell
|
0-0: Ball 1-0: Ball 2-0: Ball 3-0: Called Strike 3-1: Foul Ball, location: 2F 3-2: Base on Balls
|
|
Batting: RHB Dusty Pollert
|
0-0: Called Strike 0-1: Ball 1-1: Called Strike Tim Wormell steals 2nd base 1-2: Foul Ball, location: 2F 1-2: Foul Ball, location: 2F 1-2: Ball 2-2: Ball 3-2: Foul Ball, location: 2F 3-2: Ground out 4-3 (Groundball, 4M, EV 91.2 MPH)
|
| Bottom of the 6th over - 0 runs, 0 hits, 0 errors, 1 left on base; Jacksonville 0 - Pensacola 1 |
| TOP OF THE 7TH |
|
Jacksonville Suns batting - Pitching for Pensacola Blue Wahoos : RHP Chris Galo
|
|
Batting: RHB Rick Fell
|
0-0: Called Strike 0-1: Swinging Strike 0-2: Foul Ball, location: 2F 0-2: Ball 1-2: Ball 2-2: Ball 3-2: Base on Balls
|
|
Batting: RHB Willie Chavez
|
0-0: Ball 1-0: Bunted foul 1-1: Sac Bunt to 2L - play at first, batter OUT! 2-3 Rick Fell to second
|
|
Batting: RHB Tom Thompson
|
0-0: Called Strike 0-1: Ball 1-1: Foul Ball, location: 2F 1-2: Ball 2-2: Foul Ball, location: 2F 2-2: Ball 3-2: Foul Ball, location: 2F 3-2: Base on Balls
|
|
Batting: LHB Emilio Cordero
|
0-0: Called Strike 0-1: Swinging Strike 0-2: Ball 1-2: Strikes out swinging
|
|
Batting: RHB Len Graham
|
0-0: Ball 1-0: SINGLE (Line Drive, 6MD, EV 96.2 MPH) Rick Fell to third Tom Thompson to second Runner from 3rd tries for Home, throw by CF and OUT! 8-2
|
| Top of the 7th over - 0 runs, 1 hit, 0 errors, 2 left on base; Jacksonville 0 - Pensacola 1 |
| BOTTOM OF THE 7TH |
|
Pensacola Blue Wahoos batting - Pitching for Jacksonville Suns : RHP Jorge Lara
|
|
Pitching: LHP Bryan Wedge
|
|
|
Batting: LHB Leo Gomez
|
0-0: Called Strike 0-1: Fly out, F7 (Flyball, 7D, EV 101.9 MPH)
|
|
Pitching: RHP Tamirat Abboud
|
|
|
Batting: RHB David Clough
|
0-0: Ball 1-0: Ball 2-0: Ball 3-0: Base on Balls
|
|
Batting: SHB Alex Morales
|
0-0: Ball 1-0: Ball 2-0: Called Strike 2-1: Called Strike 2-2: SINGLE (Groundball, 4D, EV 96.2 MPH) David Clough to second Runner from 2nd tries for 3rd, SAFE, throw by CF made to third
|
|
Batting: RHB Jon Marquez
|
0-0: Ball 1-0: Foul Ball, location: 2F 1-1: Ball 2-1: Foul Ball, location: 2F 2-2: Reached on error, E6 (Groundball, 6, EV 85.6 MPH) David Clough scores Alex Morales to second
|
|
Batting: LHB Nick Nino
|
0-0: Ball 1-0: Ground out 5-3 (Groundball, 6S, EV 85.0 MPH) Alex Morales to third Jon Marquez to second
|
|
Batting: RHB Kagetoki Kawai
|
0-0: Ball 1-0: Ball 2-0: Foul Ball, location: 2F 2-1: Ball 3-1: Foul Ball, location: 2F 3-2: Foul Ball, location: 2F 3-2: Base on Balls
|
|
Batting: SHB Bryan Johnston
|
0-0: Called Strike 0-1: Fly out, F9 (Flyball, 9D, EV 100.6 MPH)
|
| Bottom of the 7th over - 1 run, 1 hit, 1 error, 3 left on base; Jacksonville 0 - Pensacola 2 |
| TOP OF THE 8TH |
|
Jacksonville Suns batting - Pitching for Pensacola Blue Wahoos : RHP Chris Galo
|
|
Pitching: RHP Joaquin Villalobos
|
|
|
Batting: LHB Luis Magdaleno
|
0-0: Called Strike 0-1: Called Strike 0-2: Foul Ball, location: 2F 0-2: Ground out 6-3 (Groundball, 6, EV 98.8 MPH)
|
|
Batting: RHB Masumitsu Sugiura
|
0-0: Ball 1-0: Ball 2-0: Called Strike 2-1: Ball 3-1: Swinging Strike 3-2: Fly out, F9 (Flyball, 9LMF, EV 80.6 MPH)
|
|
Batting: LHB Adam Durgin
|
0-0: Called Strike 0-1: Ball 1-1: Swinging Strike 1-2: Strikes out looking
|
| Top of the 8th over - 0 runs, 0 hits, 0 errors, 0 left on base; Jacksonville 0 - Pensacola 2 |
| BOTTOM OF THE 8TH |
|
Pensacola Blue Wahoos batting - Pitching for Jacksonville Suns : RHP Tamirat Abboud
|
|
Pitching: LHP Evan Baxter
|
|
|
Batting: RHB Tim Wormell
|
0-0: Ball 1-0: Called Strike 1-1: Swinging Strike 1-2: Ground out 6-3 (Groundball, 6, EV 81.2 MPH)
|
|
Batting: RHB Dusty Pollert
|
0-0: Ball 1-0: Foul Ball, location: 2F 1-1: Ball 2-1: Swinging Strike 2-2: Foul Ball, location: 2F 2-2: Foul Ball, location: 2F 2-2: Strikes out looking
|
|
Batting: LHB Leo Gomez
|
0-0: Ball 1-0: SINGLE (Groundball, 56D, EV 96.2 MPH)
|
|
Batting: RHB David Clough
|
0-0: Ball Leo Gomez steals 2nd base 1-0: Intentional Walk
|
|
Batting: SHB Alex Morales
|
0-0: Ball 1-0: SINGLE (Groundball, 56D, EV 104.4 MPH) Leo Gomez to third David Clough to second Runner from 3rd tries for Home, throw by LF and OUT! 7-2
|
| Bottom of the 8th over - 0 runs, 2 hits, 0 errors, 2 left on base; Jacksonville 0 - Pensacola 2 |
| TOP OF THE 9TH |
|
Jacksonville Suns batting - Pitching for Pensacola Blue Wahoos : RHP Joaquin Villalobos
|
|
Pitching: RHP Frank Munoz
|
|
|
Batting: RHB Isaiah Brockman
|
0-0: Foul Ball, location: 2F 0-1: Foul Ball, location: 2F 0-2: Ball 1-2: Strikes out looking
|
|
Batting: RHB Rick Fell
|
0-0: Ball 1-0: Foul Ball, location: 2F 1-1: Swinging Strike 1-2: Ball 2-2: Strikes out looking
|
|
Batting: RHB Willie Chavez
|
0-0: Ground out 5-3 (Groundball, 5S, EV 86.9 MPH)
|
| Top of the 9th over - 0 runs, 0 hits, 0 errors, 0 left on base; Jacksonville 0 - Pensacola 2 |
|